 Dungeon Crawl Stone Soup version 0.21.0-3-g78d12a8 (webtiles) character file.

15 tidbits the Sneak (level 2, 0/11 HPs)
             Began as a Felid Air Elementalist on Jan 8, 2018.
             Slain by an orc (3 damage)
             ... on level 2 of the Dungeon.
             The game lasted 00:03:39 (690 turns).

tidbits the Sneak (Felid Air Elementalist)           Turns: 690, Time: 00:03:40

Health: 0/11       AC:  1    Str:  4    XL:     2   Next: 34%
Magic:  3/6        EV: 18    Int: 16    God:
Gold:   66         SH:  0    Dex: 16    Spells: 4/5 levels left
                                        Lives:  0   Deaths: 0

rFire    . . .     SeeInvis +     - Unarmed
rCold    . . .     Gourm    .   (shield unavailable)
rNeg     . . .     Faith    .   (armour unavailable)
rPois    .         Spirit   .   (helmet unavailable)
rElec    .         Reflect  .   (cloak unavailable)
rCorr    .         Harm     .   (gloves unavailable)
MR       .....                  (boots unavailable)
Stlth    +++.......             (no amulet)
HPRegen  0.03/turn              (no ring)
MPRegen  0.10/turn              (no ring)

@: very slightly contaminated, quick
A: very small, no armour, no weapons or thrown items, stealth, claws 1, fangs 3,
see invisible, carnivore, speed 1, shaggy fur 1, slow metabolism 1, sharp paws
a: no special abilities


You were on level 2 of the Dungeon.
You were not hungry.

You visited 1 branch of the dungeon, and saw 3 of its levels.

You collected 66 gold pieces.

Inventory:

Scrolls
 d - a scroll of amnesia {unknown}
 f - 2 scrolls of identify {unknown}
Potions
 c - 2 potions of curing {unknown}
 e - a potion of flight {unknown}
 g - 2 potions of resistance {unknown}
Books
 a - a book of Air

   Spells                             Type                      Level
   a - Shock                          Conjuration/Air              1
   b - Swiftness                      Charms/Air                   2
   c - Static Discharge               Conjuration/Air              3
   d - Airstrike                      Air                          4
   e - Lightning Bolt                 Conjuration/Air              5
Comestibles
 b - 2 rations


   Skills:
 - Level 2.6 Dodging
 + Level 3.6 Stealth
 + Level 1.3 Unarmed Combat
 - Level 2.0 Spellcasting
 - Level 0.8 Conjurations
 - Level 2.6 Air Magic


You had 4 spell levels left.
You knew the following spells:

 Your Spells              Type           Power        Failure   Level  Hunger
a - Shock                 Conj/Air       #...         10%         1    #......


Dungeon Overview and Level Annotations

Branches:
Dungeon (3/15)

Altars:


Innate Abilities, Weirdness & Mutations

You cannot wear armour.
You are incapable of wielding weapons or throwing items.
Your paws allow you to move quietly. (Stealth)
You have sharp claws.
You have razor-sharp teeth.
You have supernaturally acute eyesight. (SInv)
You are carnivorous and can eat meat at any time.
You cover ground quickly.
You are covered in fur. (AC +1)
You have a slow metabolism.
Your sharp claws are effective at attacking unaware monsters.


Message History

Aim: a kobold The zap misses the kobold.
Casting: Shock
Confirm with . or Enter, or press ? or * to list all spells.
Aiming: Shock
Press: ? - help, Shift-Dir - straight line, p - kobold The zap misses the kobold.
The zap hits the kobold.
You kill the kobold!
You swing at nothing.
You swing at nothing.
You swing at nothing.
You swing at nothing.
You swing at nothing.
You swing at nothing.
You swing at nothing.
You swing at nothing.
You swing at nothing.
You swing at nothing.
You swing at nothing.
You swing at nothing.
You swing at nothing.
You swing at nothing.
You swing at nothing.
You swing at nothing.
You swing at nothing.
You swing at nothing.
You swing at nothing.
You swing at nothing.
You swing at nothing.
You swing at nothing.
You swing at nothing.
You swing at nothing.
You swing at nothing.
You swing at nothing.
You swing at nothing.
You swing at nothing.
You swing at nothing.
You swing at nothing.
Wield which item (- for none, * to show all)? (? for menu, Esc to quit)
Your mouth is now empty.
You see here a kobold corpse.
You see here a bat corpse.
You see here a bat corpse.
You see here a kobold corpse.
Found a stone staircase leading up.
There is a stone staircase leading up here.
You climb upwards.
There is a stone staircase leading down here.
There is a stone staircase leading down here.
You climb downwards.
There is a stone staircase leading up here.
Press: ? - help, . - travel You can't see that place. [a rock wall.] HP restored.
Found a stone staircase leading down.
There is a stone staircase leading down here.
You climb downwards.
Found 16 gold pieces and a short sword.
There is a stone staircase leading up here.
The orc shouts!
You scratch the orc. You claw the orc, but do no damage.
The orc is moderately wounded.
You hear a shout!
The orc completely misses you.
A kobold comes into view. It is wielding a club.
The orc barely misses you. The orc misses you.
You climb upwards.
There is a stone staircase leading down here.
Casting: Shock
Confirm with . or Enter, or press ? or * to list all spells.
Aiming: Shock
Press: ? - help, Shift-Dir - straight line, f - orc
Aim: an orc, wielding a club (moderately wounded)
You miscast Shock.
You are very lightly contaminated with residual magic.
Nothing appears to happen.
The orc hits you but does no damage. The orc closely misses you.
Casting: Shock
Confirm with . or Enter, or press ? or * to list all spells.
Aiming: Shock
Press: ? - help, Shift-Dir - straight line, f/p - orc
Aim: an orc, wielding a club (moderately wounded)
The zap hits the orc.
The orc is moderately wounded.
The orc closely misses you. The orc hits you with a club.
Casting: Shock
Confirm with . or Enter, or press ? or * to list all spells.
Aiming: Shock
Press: ? - help, Shift-Dir - straight line, f/p - orc
Aim: an orc, wielding a club (moderately wounded)
The zap hits the orc.
The orc is severely wounded.
The orc hits you.
* * * LOW HITPOINT WARNING * * *
The orc closely misses you.
You barely miss the orc. You bite the orc.
The orc is severely wounded.
The orc hits you.
You die...

.# ################.#
###..........<.....#
.....###############
###.....# ##.##.#
#.##.#
#.##.################
#.#.........o@o......
#.#..###############.
#........... ###>.###
# #.....# .#
#.###.###.#.##K
#####.# #...P≈.≈≈.#
...†..###>#.≈P≈P≈P.
#####..†.[#PP≈≈≈P.≈


You could see 2 orcs.

Vanquished Creatures
  An orc (D:2)
  A goblin (D:1)
  3 hobgoblins
  3 kobolds
  A bat (D:2)
  3 frilled lizards
  3 rats (D:1)
15 creatures vanquished.

Notes
Turn   | Place    | Note
-------+----------+-------------------------------------------
     0 | D:1      | tidbits the Felid Air Elementalist began the quest for the Orb.
     0 | D:1      | Reached XP level 1. HP: 7/7 MP: 4/4
   102 | D:1      | Reached skill level 3 in Stealth
   224 | D:1      | Reached skill level 1 in Unarmed Combat
   257 | D:1      | Reached XP level 2. HP: 10/11 MP: 0/6
   690 | D:2      | Slain by an orc

Skill      XL: |  1 |
---------------+----+-----
Stealth        | 3 |  3.6
Unarmed Combat | 1 |  1.3
Dodging        | |  2.6
Spellcasting   | |  2.0
Conjurations   | |  0.8
Air Magic      | |  2.6

Action                   || total
-------------------------++-------
Melee: Unarmed           ||    17
       Punch             ||     1
       Bite              ||     1
 Cast: Shock             ||    25
 Stab: Sleeping          ||     3
Armor: Skin              ||     4
Dodge: Dodged            ||    15

Table legend:
 A = Turns spent in this place as a percentage of turns spent in the entire game.
 B = Non-inter-level travel turns spent in this place as a percentage of non-inter-level travel turns spent in the entire game.
 C = Inter-level travel turns spent in this place as a percentage of turns spent in this place.
 D = Turns resting spent in this place as a percentage of non-inter-level travel turns spent in this place.
 E = Turns spent auto-exploring this place as a percentage of non-inter-level travel turns spent in this place.
 F = Non-inter-level travel turns spent in this place divided by the number of levels of this place that you've seen.
                   A       B       C       D       E      F
               +-------+-------+-------+-------+-------+----------------------
         Total | 100.0 | 100.0 |   9.0 |   0.0 |   0.0 | 209.3
       Dungeon | 100.0 | 100.0 |   9.0 |   0.0 |   0.0 | 209.3
               +-------+-------+-------+-------+-------+----------------------

Table legend:
 A = Kills in this place as a percentage of kills in entire the game.
 B = Kills by you in this place as a percentage of kills by you in the entire game.
 C = Kills by friends in this place as a percentage of kills by friends in the entire game.
 D = Other kills in this place as a percentage of other kills in the entire game.
 E = Experience gained in this place as a percentage of experience gained in the entire game.
 F = Experience gained in this place divided by the number of levels of this place that you have seen.
                   A       B       C       D       E      F
               +-------+-------+-------+-------+-------+----------------------
         Total | 100.0 | 100.0 |   N/A |   N/A | 100.0 |   7.3
       Dungeon | 100.0 | 100.0 |   N/A |   N/A | 100.0 |   7.3
               +-------+-------+-------+-------+-------+----------------------

Vault maps used:
D:1:      minmay_arrival_loop, fountainhead, nrook_mini_backslash,
          feat_on_display
D:2:      chequers_temple_overflow_minitemple, first_ration,
          serial_bayou_lagoon_a, minmay_divided_ellipse, uniq_sigmund
D:3:      grunt_temple_overflow_growth_and_decay
